 Dungeon Crawl Stone Soup version 0.18-a0-1551-g40744a8 (webtiles) character file.

35 Ijustatesigmund the Insei (level 3, -2/25 HPs)
             Began as an Octopode Transmuter on Mar 11, 2016.
             Slain by a worm (9 damage)
             ... on level 2 of the Dungeon.
             The game lasted 00:02:59 (913 turns).

Ijustatesigmund the Insei (Octopode Transmuter)      Turns: 913, Time: 00:02:59

Health: -2/25      AC:  1    Str:  9    XL:     3   Next: 35%
Magic:  5/6        EV: 12    Int: 16    God:
Gold:   33         SH:  2    Dex: 12    Spells: 3 memorised, 0 levels left

rFire  . . .     SeeInvis .       - Unarmed
rCold  . . .     Gourm    .     (no shield)
rNeg   . . .     Faith    .     (helmet restricted)
rPois  .         Spirit   .     g - +2 amulet of reflection
rElec  .         Dismiss  .     (no ring)
rCorr  .         Reflect  +     (no ring)
SustAt .         Harm     .     (no ring)
MR     .....                    (no ring)
Stlth  ++........               (no ring)
                                (no ring)
                                (no ring)
                                (no ring)

@: appendage, not resistant to hostile enchantments, unstealthy
A: almost no armour, amphibious, 8 rings, constrict 8, tentacle spike 3,
camouflage 1, gelatinous body 1
a: End Transformation


You were on level 2 of the Dungeon.
You were not hungry.
One of your tentacles had a temporary spike.
You visited 1 branch of the dungeon, and saw 3 of its levels.

You collected 33 gold pieces.

Inventory:

Missiles
 a - 31 arrows
Jewellery
 g - a +2 amulet of reflection (around mantle)
Potions
 d - a potion of curing
 e - a potion of might
 f - a potion of heal wounds {unknown}
 h - a potion of mutation {unknown}
 i - a potion of beneficial mutation {unknown}
Books
 b - a book of Changes

   Spells                             Type                      Level
   a - Beastly Appendage              Transmutation                1
   b - Sticks to Snakes               Transmutation                2
   c - Spider Form                    Transmutation/Poison         3
   d - Ice Form                       Ice/Transmutation            4
   e - Blade Hands                    Transmutation                5
Comestibles
 c - 2 bread rations
 j - 2 chunks of flesh


   Skills:
 + Level 2.4 Fighting
 - Level 2.0 Dodging
 + Level 3.6 Unarmed Combat
 - Level 2.0 Spellcasting
 - Level 2.0 Transmutations


You couldn't memorise any spells.
You knew the following spells:

 Your Spells              Type           Power        Failure   Level  Hunger
a - Beastly Appendage     Trmt           #.....       10%         1    #......
b - Sticks to Snakes      Trmt           #.......     14%         2    ###....
c - Spider Form           Trmt/Pois      #.........   38%         3    ###....


Dungeon Overview and Level Annotations

Branches:
Dungeon (3/15)

Altars:


Innate Abilities, Weirdness & Mutations

You cannot wear most types of armour.
You are amphibious.
You can wear up to eight rings at the same time.
You can use your tentacles to constrict eight enemies at once.
Your skin changes colour to match your surroundings (Stealth).
Your rubbery body absorbs attacks (AC +1).
One of your tentacles bears a large vicious spike.


Message History

You climb upwards.
There is a stone staircase leading down here.
This spell is slightly dangerous to cast.
Memorise Spider Form, consuming 3 spell levels and leaving 0?
You start memorising the spell.
You continue memorising. x3
You finish memorising.
Spell assigned to 'c'.
You start resting.
Cast which spell? (? or * to list) One of your tentacles grows a vicious spike.
The worm bites you!
* * * LOW HITPOINT WARNING * * *
You are too injured to fight recklessly!
You are too injured to fight recklessly!
You tentacle-slap the worm. You grab the worm. You squeeze the worm!
The worm is severely wounded.
You constrict the worm. You tentacle-slap the worm.
You pierce the worm, but do no damage.
The worm is almost dead.
You constrict the worm. The worm bites you!
You die...

##. .... #.. ...### #
#..## #....#.# #..##
#..#...#
###.##...###......#.
.......†.(.(........
###.###(#(#>#)...[.#
..........#.........
###.###..w@.........
####+###.# #÷)##.####...#
#.....##.###†....... ....
#......#.........(... ..#
#......#.................
#......#...............
#......#.####.#+###....
#......#.#....# ....
#.<...........#


You could see a worm.

Vanquished Creatures
  An adder (D:2)
  2 giant geckos (D:1)
  4 bats (D:1)
  2 giant cockroaches
  4 hobgoblins
  2 giant newts (D:1)
  A goblin (D:1)
  4 kobolds
  2 rats
22 creatures vanquished.

Notes
Turn   | Place    | Note
--------------------------------------------------------------
     0 | D:1      | Ijustatesigmund the Octopode Transmuter began the quest for the Orb.
     0 | D:1      | Reached XP level 1. HP: 13/13 MP: 3/3
   101 | D:1      | Reached XP level 2. HP: 14/19 MP: 5/5
   105 | D:1      | Learned a level 2 spell: Sticks to Snakes
   818 | D:2      | Reached XP level 3. HP: 17/24 MP: 6/6
   909 | D:2      | Learned a level 3 spell: Spider Form
   913 | D:2      | Slain by a worm

Vault maps used:
D:1:      dpeg_arrival_lava_altar
D:2:      lemuel_coloured_pillars_altar, kennysheep_nub, minmay_cupped,
          uniq_iyjb, uniq_terence
D:3:      gammafunk_temple_overflow_elements, uniq_sigmund, uniq_grinder,
          uniq_robin

Skill      XL: |  1  2 |
---------------+-------+-----
Fighting       | 2 |  2.4
Dodging        | |  2.0
Unarmed Combat | |  3.6
Spellcasting   | |  2.0
Transmutations | |  2.0

Action                   || total
-------------------------++-------
Melee: Unarmed           ||    56
 Cast: Beastly Appendage ||     1
  Use: Scroll            ||     6
       Potion            ||     2
 Stab: Sleeping          ||     5
